2810 views
Uploaded 2020-01-21 20:46:38
Game version 1.32.0.6
11:31 long 3on3 ladder game on (6)StranglethornVale
Saved by BEARAND
2810 views
Uploaded 2020-01-21 20:46:38
Game version 1.32.0.6
11:31 long 3on3 ladder game on (6)StranglethornVale


51 units @ 3.9k
/ 0k
81 buildings @ 6.8k
/ 3.3k


| Lesser Clarity Potion | 1 | 70 |
| Boots of Speed | 2 | 500 |
| Staff of Teleportation | 2 | 300 |
| Healing Salve | 2 | 200 |
| total: | 7 | 1070g |
| Peasant | 22 | 1650 | / | 0 |
| total: | 22 | 1650g | / | 0w |
| Scout Tower | 20 | 600 | / | 400 |
| Arcane Tower | 3 | 210 | / | 150 |
| Guard Tower | 13 | 910 | / | 650 |
| Altar of Kings | 1 | 180 | / | 50 |
| Lumber Mill | 2 | 240 | / | 0 |
| Farm | 4 | 320 | / | 80 |
| Town Hall | 1 | 385 | / | 205 |
| Arcane Vault | 1 | 130 | / | 30 |
| Arcane Sanctum | 1 | 150 | / | 140 |
| Keep | 1 | 320 | / | 210 |
| Castle | 1 | 360 | / | 210 |
| total: | 30 | 2005g | / | 905w |
| 0:01 | Peasant |
| 0:03 | Altar of Kings |
| 0:09 | Peasant |
| 0:21 | Lumber Mill |
| 0:22 | Peasant |
| 0:24 | Farm |
| 0:26 | Lumber Mill |
| 0:27 | Peasant |
| 0:38 | Farm |
| 0:47 | Peasant |
| 0:58 | Scout Tower |
| 1:03 | Peasant |
| 1:12 | Peasant |
| 1:18 | Scout Tower |
| 1:28 | Peasant |
| 1:37 | Arcane Tower |
| 1:40 | Peasant |
| 1:55 | Arcane Tower |
| 2:00 | Scout Tower |
| 2:04 | Peasant |
| 2:07 | Blizzard |
| 2:18 | Peasant |
| 2:19 | Improved Masonry |
| 2:38 | Guard Tower |
| 2:39 | Scout Tower |
| 2:55 | Peasant |
| 2:55 | Peasant |
| 3:18 | Scout Tower |
| 3:18 | Guard Tower |
| 3:21 | Peasant |
| 3:47 | Guard Tower |
| 3:47 | Scout Tower |
| 4:16 | Peasant |
| 4:18 | Brilliance Aura |
| 4:28 | Peasant |
| 4:40 | Scout Tower |
| 4:41 | Guard Tower |
| 4:44 | Town Hall |
| 4:53 | Scout Tower |
| 4:54 | Scout Tower |
| 4:55 | Scout Tower |
| 5:09 | Scout Tower |
| 5:09 | Guard Tower |
| 5:16 | Boots of Speed |
| 5:17 | Staff of Teleportation |
| 5:49 | Guard Tower |
| 5:51 | Arcane Tower |
| 5:52 | Scout Tower |
| 6:16 | Scout Tower |
| 6:19 | Scout Tower |
| 6:21 | Healing Salve |
| 6:23 | Lesser Clarity Potion |
| 6:29 | Scout Tower |
| 6:29 | Scout Tower |
| 6:31 | Keep |
| 6:51 | Guard Tower |
| 6:52 | Scout Tower |
| 6:53 | Peasant |
| 6:53 | Peasant |
| 7:12 | Guard Tower |
| 7:52 | Guard Tower |
| 7:54 | Guard Tower |
| 7:55 | Scout Tower |
| 7:56 | Peasant |
| 7:56 | Peasant |
| 8:12 | Farm |
| 8:24 | Scout Tower |
| 8:24 | Guard Tower |
| 8:42 | Healing Salve |
| 8:59 | Guard Tower |
| 9:00 | Scout Tower |
| 9:03 | Arcane Vault |
| 9:08 | Advanced Masonry |
| 9:09 | Farm |
| 9:11 | Peasant |
| 9:11 | Peasant |
| 9:32 | Guard Tower |
| 9:45 | Castle |
| 10:03 | Storm Bolt |
| 10:11 | Blizzard |
| 10:15 | Boots of Speed |
| 10:15 | Staff of Teleportation |
| 10:47 | Arcane Sanctum |
| Right click | 501 |
| Assign group | 396 |
| Select group | 178 |
| Chat | 155 |
| Select | 136 |
| Build/train/purchase | 66 |
| Use ability | 33 |
| Misc. action | 6 |
| Item give/drop | 2 |



| Staff of Sanctuary | 1 | 250 |
| Boots of Speed | 2 | 500 |
| Staff of Teleportation | 1 | 150 |
| Healing Salve | 2 | 200 |
| Orb of Lightning | 1 | 375 |
| total: | 7 | 1475g |
| Peasant | 11 | 825 | / | 0 |
| Priest | 1 | 135 | / | 10 |
| total: | 12 | 960g | / | 10w |
| Scout Tower | 18 | 540 | / | 360 |
| Arcane Tower | 2 | 140 | / | 100 |
| Guard Tower | 15 | 1050 | / | 750 |
| Altar of Kings | 1 | 180 | / | 50 |
| Farm | 4 | 320 | / | 80 |
| Lumber Mill | 1 | 120 | / | 0 |
| Arcane Vault | 2 | 260 | / | 60 |
| Arcane Sanctum | 1 | 150 | / | 140 |
| Keep | 1 | 320 | / | 210 |
| Castle | 1 | 360 | / | 210 |
| total: | 27 | 1570g | / | 690w |
| 0:01 | Peasant |
| 0:01 | Peasant |
| 0:06 | Altar of Kings |
| 0:17 | Farm |
| 0:30 | Farm |
| 0:32 | Peasant |
| 0:33 | Peasant |
| 0:37 | Scout Tower |
| 0:41 | Scout Tower |
| 0:44 | Scout Tower |
| 0:46 | Peasant |
| 0:51 | Peasant |
| 0:59 | Peasant |
| 1:04 | Lumber Mill |
| 1:10 | Peasant |
| 1:20 | Scout Tower |
| 1:32 | Peasant |
| 1:36 | Peasant |
| 1:38 | Arcane Tower |
| 1:43 | Peasant |
| 1:54 | Scout Tower |
| 2:05 | Blizzard |
| 2:09 | Guard Tower |
| 2:12 | Scout Tower |
| 2:26 | Improved Masonry |
| 2:33 | Guard Tower |
| 3:13 | Keep |
| 3:14 | Guard Tower |
| 3:37 | Farm |
| 3:41 | Boots of Speed |
| 3:41 | Staff of Teleportation |
| 3:53 | Healing Salve |
| 4:04 | Scout Tower |
| 4:04 | Scout Tower |
| 4:05 | Scout Tower |
| 4:05 | Scout Tower |
| 5:01 | Guard Tower |
| 5:27 | Scout Tower |
| 5:27 | Scout Tower |
| 5:28 | Scout Tower |
| 5:28 | Scout Tower |
| 5:29 | Scout Tower |
| 5:29 | Scout Tower |
| 5:30 | Scout Tower |
| 5:30 | Scout Tower |
| 5:39 | Arcane Sanctum |
| 5:49 | Healing Salve |
| 6:15 | Guard Tower |
| 6:16 | Advanced Masonry |
| 6:16 | Imbued Masonry |
| 6:43 | Storm Bolt |
| 6:54 | Castle |
| 6:54 | Guard Tower |
| 7:34 | Guard Tower |
| 7:35 | Guard Tower |
| 7:38 | Arcane Tower |
| 7:39 | Magic Sentry |
| 7:40 | Priest |
| 7:48 | Brilliance Aura |
| 8:08 | Boots of Speed |
| 8:35 | Guard Tower |
| 8:35 | Guard Tower |
| 9:19 | Farm |
| 9:27 | Arcane Vault |
| 10:20 | Orb of Lightning |
| 10:40 | Holy Light |
| 10:43 | Arcane Vault |
| 11:11 | Staff of Sanctuary |
| Right click | 979 |
| Select | 302 |
| Chat | 122 |
| Select group | 103 |
| Build/train/purchase | 55 |
| Use ability | 29 |
| Minimap ping | 13 |
| Assign group | 6 |
| Misc. action | 2 |
| Esc | 1 |


| Healing Salve | 1 | 100 |
| Lesser Clarity Potion | 2 | 140 |
| Orb of Lightning | 1 | 375 |
| Circlet of Nobility | 2 | 350 |
| Boots of Speed | 1 | 250 |
| Staff of Teleportation | 1 | 150 |
| total: | 8 | 1365g |
| Peon | 17 | 1275 | / | 0 |
| total: | 17 | 1275g | / | 0w |
| Watch Tower | 16 | 1760 | / | 1280 |
| Altar of Storms | 1 | 180 | / | 50 |
| Orc Burrow | 2 | 320 | / | 80 |
| War Mill | 1 | 205 | / | 0 |
| Voodoo Lounge | 3 | 390 | / | 90 |
| Great Hall | 1 | 385 | / | 185 |
| Stronghold | 1 | 315 | / | 190 |
| Fortress | 1 | 325 | / | 190 |
| total: | 24 | 3240g | / | 1685w |
| 0:03 | Peon |
| 0:03 | Peon |
| 0:05 | Altar of Storms |
| 0:09 | Orc Burrow |
| 0:25 | Peon |
| 0:25 | Peon |
| 0:51 | War Mill |
| 0:55 | Peon |
| 1:02 | Peon |
| 1:07 | Voodoo Lounge |
| 1:25 | Peon |
| 1:26 | Peon |
| 1:37 | Peon |
| 1:58 | Peon |
| 1:58 | Peon |
| 2:11 | Wind Walk |
| 2:13 | Healing Salve |
| 2:13 | Lesser Clarity Potion |
| 2:13 | Lesser Clarity Potion |
| 2:18 | Watch Tower |
| 2:19 | Watch Tower |
| 2:31 | Orc Burrow |
| 3:12 | Stronghold |
| 3:31 | Watch Tower |
| 4:06 | Spiked Barricades |
| 4:18 | Circlet of Nobility |
| 4:19 | Boots of Speed |
| 4:36 | Watch Tower |
| 5:23 | Watch Tower |
| 5:24 | Watch Tower |
| 5:35 | Fortress |
| 6:35 | Watch Tower |
| 6:36 | Watch Tower |
| 6:45 | Watch Tower |
| 6:57 | Watch Tower |
| 6:58 | Watch Tower |
| 7:00 | Watch Tower |
| 7:03 | Watch Tower |
| 7:17 | Hex |
| 7:35 | Staff of Teleportation |
| 7:36 | Circlet of Nobility |
| 7:59 | Voodoo Lounge |
| 8:02 | Voodoo Lounge |
| 8:19 | Watch Tower |
| 8:44 | Orb of Lightning |
| 9:16 | Great Hall |
| 9:21 | Critical Strike |
| 9:38 | Watch Tower |
| 9:44 | Reinforced Defenses |
| 9:46 | Peon |
| 9:46 | Peon |
| 10:29 | Healing Wave |
| 11:24 | Watch Tower |
| 11:26 | Peon |
| 11:26 | Peon |
| 11:27 | Peon |
| 11:27 | Peon |
| Right click | 679 |
| Select group | 301 |
| Select | 87 |
| Build/train/purchase | 50 |
| Minimap ping | 40 |
| Use ability | 14 |
| Misc. action | 13 |
| Assign group | 4 |
| Item give/drop | 4 |
| Chat | 4 |
| Esc | 2 |
53 units @ 6.7k
/ 0.6k
28 buildings @ 4.6k
/ 1.2k

| Rod of Necromancy | 2 | 300 |
| total: | 2 | 300g |
| Acolyte | 2 | 150 | / | 0 |
| Ghoul | 9 | 1080 | / | 0 |
| Crypt Fiend | 4 | 860 | / | 160 |
| Gargoyle | 6 | 1050 | / | 180 |
| Troll Headhunter | 6 | 840 | / | 120 |
| total: | 27 | 3980g | / | 460w |
| Nerubian Tower | 2 | 200 | / | 40 |
| Altar of Darkness | 1 | 180 | / | 50 |
| Crypt | 1 | 200 | / | 50 |
| Ziggurat | 6 | 900 | / | 300 |
| Tomb of Relics | 1 | 130 | / | 30 |
| Graveyard | 1 | 215 | / | 0 |
| Sacrificial Pit | 1 | 75 | / | 150 |
| Halls of the Dead | 1 | 320 | / | 210 |
| Black Citadel | 1 | 325 | / | 230 |
| Orc Burrow | 2 | 320 | / | 80 |
| total: | 13 | 2020g | / | 660w |
| 0:04 | Acolyte |
| 0:06 | Altar of Darkness |
| 0:08 | Crypt |
| 0:24 | Ziggurat |
| 0:39 | Acolyte |
| 1:00 | Ziggurat |
| 1:04 | Tomb of Relics |
| 1:12 | Ghoul |
| 1:21 | Graveyard |
| 1:36 | Ghoul |
| 1:50 | Ghoul |
| 2:05 | Ziggurat |
| 2:10 | Ghoul |
| 2:17 | Ghoul |
| 2:32 | Death Coil |
| 2:41 | Rod of Necromancy |
| 3:11 | Crypt Fiend |
| 3:13 | Halls of the Dead |
| 3:14 | Ghoul |
| 3:44 | Crypt Fiend |
| 3:46 | Nerubian Tower |
| 4:13 | Creature Attack |
| 4:18 | Crypt Fiend |
| 5:09 | Nerubian Tower |
| 5:11 | Crypt Fiend |
| 5:53 | Gargoyle |
| 5:58 | Creature Carapace |
| 6:11 | Rod of Necromancy |
| 6:34 | Ziggurat |
| 7:19 | Ghoul |
| 7:34 | Ziggurat |
| 7:37 | Ziggurat |
| 7:40 | Gargoyle |
| 8:17 | Troll Headhunter |
| 8:17 | Troll Headhunter |
| 8:17 | Troll Headhunter |
| 8:17 | Troll Headhunter |
| 8:17 | Troll Headhunter |
| 8:17 | Troll Headhunter |
| 8:23 | Orc Burrow |
| 8:26 | Orc Burrow |
| 8:51 | Gargoyle |
| 8:53 | Gargoyle |
| 10:00 | Gargoyle |
| 10:00 | Gargoyle |
| 10:08 | Ghoul |
| 10:08 | Ghoul |
| 10:24 | Black Citadel |
| 10:26 | Sacrificial Pit |
| 11:12 | Unholy Aura |
| Right click | 388 |
| Select | 235 |
| Build/train/purchase | 44 |
| Misc. action | 22 |
| Use ability | 13 |
| Resource trade | 10 |
| Remove unit | 6 |
| Item give/drop | 1 |

| Healing Salve | 2 | 200 |
| Lesser Clarity Potion | 1 | 70 |
| total: | 3 | 270g |
| Peon | 7 | 525 | / | 0 |
| Troll Headhunter | 8 | 1120 | / | 160 |
| total: | 15 | 1645g | / | 160w |
| War Mill | 1 | 205 | / | 0 |
| Orc Burrow | 4 | 640 | / | 160 |
| Altar of Storms | 1 | 180 | / | 50 |
| Barracks | 2 | 360 | / | 100 |
| Voodoo Lounge | 1 | 130 | / | 30 |
| total: | 9 | 1515g | / | 340w |
| 0:03 | Peon |
| 0:03 | Peon |
| 0:10 | War Mill |
| 0:15 | Peon |
| 0:24 | Orc Burrow |
| 0:45 | Altar of Storms |
| 0:48 | Peon |
| 1:09 | Barracks |
| 1:28 | Barracks |
| 1:50 | Peon |
| 2:06 | Voodoo Lounge |
| 2:15 | Orc Burrow |
| 2:30 | Troll Headhunter |
| 3:04 | War Stomp |
| 3:14 | Peon |
| 3:14 | Peon |
| 3:19 | Troll Headhunter |
| 3:19 | Troll Headhunter |
| 3:49 | Troll Headhunter |
| 4:10 | Troll Headhunter |
| 4:16 | Orc Burrow |
| 4:20 | Healing Salve |
| 4:20 | Lesser Clarity Potion |
| 4:30 | Healing Salve |
| 5:05 | Troll Headhunter |
| 5:11 | Orc Burrow |
| 5:14 | Steel Ranged Weapons |
| 5:45 | Endurance Aura |
| 5:46 | Troll Headhunter |
| 5:57 | Troll Headhunter |
| Right click | 187 |
| Select | 78 |
| Select group | 39 |
| Assign group | 30 |
| Build/train/purchase | 30 |
| Chat | 7 |
| Use ability | 6 |
| Misc. action | 3 |
| Esc | 1 |

| Acolyte | 6 | 450 | / | 0 |
| Ghoul | 5 | 600 | / | 0 |
| total: | 11 | 1050g | / | 0w |
| Nerubian Tower | 1 | 100 | / | 20 |
| Altar of Darkness | 1 | 180 | / | 50 |
| Crypt | 1 | 200 | / | 50 |
| Ziggurat | 3 | 450 | / | 150 |
| Graveyard | 1 | 215 | / | 0 |
| total: | 6 | 1045g | / | 250w |
| 0:09 | Acolyte |
| 0:09 | Acolyte |
| 0:12 | Altar of Darkness |
| 0:15 | Crypt |
| 0:41 | Ziggurat |
| 0:57 | Ziggurat |
| 1:18 | Ghoul |
| 1:18 | Ghoul |
| 1:36 | Ghoul |
| 1:54 | Ziggurat |
| 2:01 | Ghoul |
| 2:01 | Ghoul |
| 2:32 | Graveyard |
| 2:45 | Nerubian Tower |
| 3:02 | Impale |
| 3:25 | Acolyte |
| 3:25 | Acolyte |
| 3:25 | Acolyte |
| 4:28 | Acolyte |
| Right click | 275 |
| Select | 53 |
| Build/train/purchase | 16 |
| Select group | 16 |
| Misc. action | 5 |
| Use ability | 3 |
| Assign group | 1 |
| Esc | 1 |
⇛